[Event "IIFL Wealth 4th Mumbai GM"]
[Site "Mumbai"]
[Date "2019.01.06"]
[Round "8"]
[White "Larmet, Nino"]
[Black "Prajesh R"]
[Result "0-1"]
[ECO "C06"]
[WhiteElo "1835"]
[BlackElo "2102"]
[Annotator "NA"]
[PlyCount "40"]
[EventDate "2018.12.30"]
[EventType "swiss"]
[EventCountry "IND"]
[SourceTitle "playchess.com"]
[Source "ChessBase"]
[SourceQuality "1"]
[TimeControl "40/5400+30:1800+30"]

1. e4 e6 2. d4 d5 3. Nd2 Nf6 4. e5 Nfd7 5. Bd3 c5 6. c3 Nc6 7. Ne2 cxd4 8. cxd4 f6 9. Nf4 Nxd4 10. Qh5+ Ke7 11. Ng6+ hxg6 12. Qxh8 Nxe5 13. Bb1 Qc7 14. Kd1 Bd7 15. Qh3 Rc8 16. Qc3 Qb6 17. Qe3 Ng4 18. Qe1 Qc5 19. Bd3 Bb5 20. Qf1 Bxd3 0-1

[Event "IIFL Wealth 4th Mumbai GM"]
[Site "Mumbai"]
[Date "2019.01.06"]
[Round "8"]
[White "Kishor, Shazzad"]
[Black "Triton, Maxime"]
[Result "1-0"]
[ECO "E63"]
[WhiteElo "1730"]
[BlackElo "1937"]
[Annotator "NA"]
[PlyCount "80"]
[EventDate "2018.12.30"]
[EventType "swiss"]
[EventCountry "IND"]
[SourceTitle "playchess.com"]
[Source "ChessBase"]
[SourceQuality "1"]
[TimeControl "40/5400+30:1800+30"]

1. Nf3 Nf6 2. c4 d6 3. d4 g6 4. g3 Bg7 5. Bg2 O-O 6. O-O Nc6 7. Nc3 a6 8. d5 Na5 9. Qd3 c5 10. dxc6 Nxc6 11. Nd5 Bf5 12. Nxf6+ Bxf6 13. e4 Be6 14. Rb1 Rc8 15. b3 Qa5 16. Bb2 Be5 17. Bd4 Bxd4 18. Rb2 b5 19. cxb5 axb5 20. Qd2 Qxd2 21. Rxd2 f6 22. Re1 Ra8 23. Bf1 Nb4 24. Nxd4 Bd7 25. Nxb5 Bxb5 26. Bxb5 Nxa2 27. Bc6 Ra6 28. Bb7 Nb4 29. Bxa6 Nxa6 30. Ra2 Nc5 31. b4 Nd3 32. Rb1 Rb8 33. b5 Nc5 34. b6 Kf7 35. f3 Ke6 36. Kf2 d5 37. exd5+ Kxd5 38. Ra5 Kd6 39. Rd1+ Kc6 40. Rc1 Kd5 1-0

[Event "IIFL Wealth 4th Mumbai GM"]
[Site "Mumbai"]
[Date "2019.01.06"]
[Round "8"]
[White "Shah, Ram Surat Prasad"]
[Black "Bhasima, Prashan"]
[Result "1/2-1/2"]
[ECO "C44"]
[WhiteElo "1639"]
[BlackElo "1658"]
[Annotator "NA"]
[PlyCount "83"]
[EventDate "2018.12.30"]
[EventType "swiss"]
[EventCountry "IND"]
[SourceTitle "playchess.com"]
[Source "ChessBase"]
[SourceQuality "1"]
[TimeControl "40/5400+30:1800+30"]

1. e4 e5 2. Nf3 Nc6 3. g3 Nf6 4. d3 h6 5. Bg2 d5 6. Nc3 dxe4 7. dxe4 Qxd1+ 8. Kxd1 Bg4 9. Ke1 Bxf3 10. Bxf3 Nd4 11. Bd1 Bb4 12. f3 O-O-O 13. Bd2 Rhe8 14. a3 Ba5 15. Be3 Bxc3+ 16. bxc3 Nb5 17. Bd2 Nd6 18. Be2 a6 19. a4 Nd7 20. Be3 Nb6 21. Bxb6 cxb6 22. Rd1 Kc7 23. Kf2 Nc8 24. Rxd8 Rxd8 25. Rd1 Rxd1 26. Bxd1 Nd6 27. Be2 f6 28. g4 g6 29. h3 g5 30. Ke3 b5 31. axb5 axb5 32. Kd2 Nc4+ 33. Bxc4 bxc4 34. Kc1 Kb6 35. Kb2 Kc5 36. Ka2 b5 37. Ka3 Kc6 38. Kb4 Kb6 39. Ka3 Kc5 40. Ka2 Kc6 41. Ka3 Kc5 42. Ka2 1/2-1/2

[Event "IIFL Wealth 4th Mumbai GM"]
[Site "Mumbai"]
[Date "2019.01.06"]
[Round "8"]
[White "Dhungel, Uttam"]
[Black "Regmi, Shikhar"]
[Result "1/2-1/2"]
[ECO "E91"]
[WhiteElo "1587"]
[BlackElo "1610"]
[Annotator "NA"]
[PlyCount "90"]
[EventDate "2018.12.30"]
[EventType "swiss"]
[EventCountry "IND"]
[SourceTitle "playchess.com"]
[Source "ChessBase"]
[SourceQuality "1"]
[TimeControl "40/5400+30:1800+30"]

1. d4 Nf6 2. c4 d6 3. Nc3 g6 4. Nf3 Bg7 5. e4 O-O 6. Be2 Bg4 7. O-O Nbd7 8. h3 Bh5 9. g4 Nxg4 10. hxg4 Bxg4 11. Nh2 Bh3 12. Re1 f5 13. Bf1 Bxf1 14. Kxf1 e5 15. d5 Qh4 16. Kg2 h5 17. b4 f4 18. Bd2 f3+ 19. Nxf3 Qg4+ 20. Kf1 Qh3+ 21. Kg1 Qxf3 22. Qxf3 Rxf3 23. Re3 Rf7 24. Rg3 Kh7 25. Be3 b6 26. Nb5 Nf6 27. Nc3 a6 28. Kf1 Rc8 29. Ke2 Ng4 30. Rag1 Rf6 31. f3 Nxe3 32. Kxe3 Bh6+ 33. Kd3 Rcf8 34. Rf1 R8f7 35. a4 h4 36. Rh3 g5 37. Ke2 Rf4 38. Rg1 Kg6 39. Nd1 Kh5 40. Ne3 Bf8 41. Ng4 a5 42. b5 Be7 43. Ne3 Bf8 44. Rg2 Bh6 45. Rg1 Bf8 1/2-1/2

[Event "IIFL Wealth 4th Mumbai GM"]
[Site "Mumbai"]
[Date "2019.01.06"]
[Round "8"]
[White "Laoussing, Mathis"]
[Black "Kafle, Binod"]
[Result "0-1"]
[ECO "C45"]
[WhiteElo "1438"]
[BlackElo "1191"]
[Annotator "NA"]
[PlyCount "80"]
[EventDate "2018.12.30"]
[EventType "swiss"]
[EventCountry "IND"]
[SourceTitle "playchess.com"]
[Source "ChessBase"]
[SourceQuality "1"]
[TimeControl "40/5400+30:1800+30"]

1. e4 e5 2. Nf3 Nc6 3. d4 exd4 4. Nxd4 Bc5 5. Nxc6 bxc6 6. Bc4 Qf6 7. O-O Ne7 8. Nc3 O-O 9. Qh5 Bd4 10. Bd3 Ng6 11. Bd2 d6 12. Qa5 Bb6 13. Qa4 Bd7 14. Ne2 Ne5 15. Bc3 Qg5 16. Bxe5 dxe5 17. Rac1 h5 18. c4 Bc5 19. b4 Bd4 20. Kh1 Qe7 21. c5 Qh4 22. Nxd4 exd4 23. Qa5 Qf4 24. Rc4 h4 25. Rxd4 Bg4 26. Qa3 h3 27. Bc4 hxg2+ 28. Kxg2 Rfd8 29. Rxd8+ Rxd8 30. Qe3 Qf6 31. f3 Bh5 32. Rf2 Qg6+ 33. Kf1 Rd1+ 34. Ke2 Qg1 35. Qc3 Rc1 36. Qd2 Rxc4 37. Ke3 Qg5+ 38. f4 Qg4 39. Kd3 Qe6 40. f5 Qxe4# 0-1